 Dungeon Crawl Stone Soup version 0.23.1 (webtiles) character file.

Game seed: 4925153507160490311

11 Borgoz the Sneak (level 2, -1/20 HPs)
             Began as a Ghoul Enchanter on Mar 14, 2019.
             Slain by a giant cockroach (2 damage)
             ... on level 1 of the Dungeon.
             The game lasted 00:01:05 (599 turns).

Borgoz the Sneak (Ghoul Enchanter)                   Turns: 599, Time: 00:01:05

Health: -1/20      AC:  3    Str: 11    XL:     2   Next: 29%
Magic:  1/3        EV: 11    Int: 10    God:
Gold:   46         SH:  0    Dex:  9    Spells: 1/4 levels left

rFire    . . .     SeeInvis .   b - -3 dagger (curse)
rCold    + . .     Gourm    .   (no shield)
rNeg     + + +     Faith    .   e - +0 leather armour
rPois    ∞         Spirit   .   (no helmet)
rElec    .         Reflect  .   (no cloak)
rCorr    .         Harm     .   (no gloves)
MR       .....                  (no boots)
Stlth    ++........             (no amulet)
HPRegen  0.00/turn              (no ring)
MPRegen  0.08/turn              (no ring)

@: very slightly contaminated, rotting
A: rotting body, claws 1, carnivore, cold resistance 1, negative energy
resistance 3, inhibited regeneration, torment resistance, unbreathing
a: no special abilities


You were on level 1 of the Dungeon.
You were not hungry.

You visited 1 branch of the dungeon, and saw 1 of its levels.

You collected 46 gold pieces.

Inventory:

Hand Weapons
 a - a +1 dagger
 b - a cursed -3 dagger (weapon)
Missiles
 c - 10 poisoned needles
Armour
 e - a +0 leather armour (worn)
Scrolls
 g - a scroll of identify
Comestibles
 d - a ration


   Skills:
 * Level 1.0 Short Blades
 * Level 0.4 Armour
 + Level 1.7 Dodging
 + Level 3.3 Stealth
 + Level 1.7 Spellcasting
 * Level 2.8 Hexes


You had one spell level left.
You knew the following spells:

 Your Spells              Type           Power        Failure   Level  Hunger
a - Corona                Hex            #......      13%         1    ##.....
b - Ensorcelled Hibernat  Hex/Ice        #.....       34%         2    ###....

Your spell library contained the following spells:

 Spells                   Type           Power        Failure   Level  Hunger
 Confuse                  Hex            #.......     36%         3    ####...
 Tukima's Dance           Hex            #.......     36%         3    ####...
 Dazzling Spray           Conj/Hex       #.....       56%         3    ####...


Dungeon Overview and Level Annotations

Branches:
Dungeon (1/15)

Altars:


Innate Abilities, Weirdness & Mutations

Your body is rotting away.
You thrive on raw meat.
You are immune to poison.
You have sharp fingernails.
You are carnivorous and can eat meat at any time.
Your flesh is cold resistant. (rC+)
You are immune to negative energy. (rN+++)
You do not regenerate when monsters are visible.
You are immune to unholy pain and torment.
You can survive without breathing.


Message History

You don't have enough magic to cast that spell.
Unknown command.
You hit the giant cockroach but do no damage.
The giant cockroach bites you but does no damage. x2
You hit the giant cockroach.
The giant cockroach is severely wounded.
The giant cockroach closely misses you.
You barely miss the giant cockroach.
The giant cockroach is severely wounded.
The giant cockroach misses you.
You hit the giant cockroach but do no damage.
The giant cockroach is severely wounded.
The giant cockroach closely misses you.
You closely miss the giant cockroach.
The giant cockroach is severely wounded.
The giant cockroach misses you.
You hit the giant cockroach but do no damage.
The giant cockroach is severely wounded.
The giant cockroach bites you.
You die...

#.....###.#
...
#....#.##.#
...
##.##.###.#
#.##.# #.#
#.##.# #.#
#.##.# #.#
#.##.# #.#
####. #.##.#
#.####$.....
#.##.#
#.@s........
#.##.#
####......##
#.# #.#.##.#
#.( ..#.#
... # ####


You could see a giant cockroach.

Vanquished Creatures
  A dart slug (D:1)
  3 goblins (D:1)
  2 hobgoblins (D:1)
  2 bats (D:1)
  A frilled lizard (D:1)
9 creatures vanquished.

Notes
Turn   | Place    | Note
-------+----------+-------------------------------------------
     0 | D:1      | Borgoz the Ghoul Enchanter began the quest for the Orb.
     0 | D:1      | Reached XP level 1. HP: 14/14 MP: 2/2
   244 | D:1      | Reached XP level 2. HP: 7/20 MP: 3/3
   457 | D:1      | Learned a level 2 spell: Ensorcelled Hibernation
   585 | D:1      | Reached skill level 1 in Short Blades
   589 | D:1      | HP: 1/20 [hobgoblin (5)]
   599 | D:1      | Slain by a giant cockroach

Skill      XL: |  1  2 |
---------------+-------+-----
Short Blades   | 1 |  1.0
Armour         | |  0.4
Dodging        | |  1.7
Stealth        | |  3.3
Spellcasting   | |  1.7
Hexes          | |  2.8

Action                   || total
-------------------------++-------
Melee: Dagger            ||    46
  Use: Scroll            ||     2
 Stab: Sleeping          ||     1
Armor: Leather armour    ||     4
Dodge: Dodged            ||    22
